 Dungeon Crawl Stone Soup version 0.28.0-45-g0d030f2227 (webtiles) character file.

Game seed: 16385402915849352658

8817 NinjaNoafa the Basher (level 11, -4/99 HPs)
             Began as a Hill Orc Monk on Apr 19, 2022.
             Was an Elder of Beogh.
             Slain by a freezing wraith (6 damage)
             ... on level 10 of the Dungeon.
             The game lasted 00:38:33 (12861 turns).

NinjaNoafa the Basher (Hill Orc Monk)              Turns: 12861, Time: 00:38:36

Health: -4/99      AC: 15    Str: 21    XL:     11   Next: 36%
Magic:  16/16      EV: 15    Int: 10    God:    Beogh [****..]
Gold:   424        SH: 12    Dex: 13    Spells: 10/10 levels left

rFire   + . .      SeeInvis .   n - +4 mace of Zylei {venom, rElec}
rCold   + . .      Faith    .   f - +2 kite shield
rNeg    . . .      Spirit   .   p - +2 ring mail {rF+}
rPois   .          Reflect  .   B - +2 hat
rElec   +          Harm     .   e - +2 cloak
rCorr   .          Rampage  .   (no gloves)
Will    .....                   g - +0 pair of boots
Stlth   +.........              (no amulet)
HPRegen 0.26/turn               v - +4 ring of evasion
MPRegen 0.15/turn               m - ring of protection from cold

@: spiked, on berserk cooldown, slowed, very slow
A: talons 1, strong 1
a: Renounce Religion, Smiting, Recall Orcish Followers


You were on level 10 of the Dungeon.
You worshipped Beogh.
Beogh was greatly pleased with you.
You visited 2 branches of the dungeon, and saw 12 of its levels.

You collected 424 gold pieces.

Inventory:

Hand Weapons
 d - a +1 dagger of speed
 i - a +0 hunting sling
 n - the +4 mace of Zylei (weapon) {venom, rElec}
   (You found it on level 8 of the Dungeon)

   It poisons the flesh of those it strikes.
   rElec:     It insulates you from electricity.
 A - a +4 mace of protection
 I - a +6 war axe of freezing
Missiles
 l - 334 stones
 r - 12 poisoned darts (quivered)
 s - 20 sling bullets
Armour
 e - a +2 cloak (worn)
 f - a +2 kite shield (worn)
 g - a +0 pair of boots (worn)
 p - a +2 ring mail of fire resistance (worn)
 B - a +2 hat (worn)
 E - a +2 hat
Jewellery
 j - a ring of magical power
 m - a ring of protection from cold (right hand)
 v - a +4 ring of evasion (left hand)
 G - a ring of fire
 H - a ring of poison resistance
Wands
 u - a wand of paralysis (6)
 C - a wand of iceblast (5)
Scrolls
 b - a scroll of torment
 o - 4 scrolls of magic mapping
 x - 3 scrolls of identify
 y - a scroll of noise
 z - a scroll of silence
Potions
 c - a potion of flight
 h - 4 potions of degeneration
 k - 3 potions of curing
 q - a potion of invisibility
 t - 3 potions of brilliance
 w - a potion of lignification
 D - 2 potions of haste
 F - a potion of resistance


   Skills:
 + Level 9.6 Fighting
 - Level 4.1(8.4) Axes
 - Level 9.6(10.0) Maces & Flails
 - Level 0.6(5.0) Staves
 + Level 7.4 Armour
 - Level 4.0 Dodging
 - Level 1.5 Stealth
 + Level 7.6 Shields
 - Level 0.3 Spellcasting
 - Level 7.0 Invocations
 - Level 5.0 Evocations


You had 10 spell levels left.
You didn't know any spells.
Your spell library contained the following spells:

 Spells                   Type           Power      Damage    Failure   Level
 Animate Skeleton         Necr           0%         N/A       82%         1
 Pain                     Necr           0%         1d4       82%         1
 Sting                    Tmut/Pois      0%         1d3       82%         1
 Poisonous Vapours        Pois/Air       0%         N/A       91%         2
 Static Discharge         Conj/Air       0%         N/A       91%         2
 Gell's Gravitas          Tloc           0%         N/A       99%         3
 Lesser Beckoning         Tloc           0%         N/A       99%         3
 Teleport Other           Tloc           0%         N/A       99%         3
 Vampiric Draining        Necr           0%         2d6       99%         3
 Dispel Undead            Necr           0%         3d6       100%        4
 Fulminant Prism          Conj/Hex       0%         3d6       100%        4
 Iskenderun's Mystic Bla  Conj/Tloc      0%         2d3       100%        4
 Olgreb's Toxic Radiance  Pois           0%         N/A       100%        4
 Sticky Flame             Conj/Fire      0%         2d3       100%        4
 Fireball                 Conj/Fire      0%         3d3       100%        5
 Iskenderun's Battlesphe  Conj           0%         2d6       100%        5
 Lee's Rapid Deconstruct  Erth           0%         3d5*      100%        5
 Summon Forest            Summ/Tloc      0%         N/A       100%        5
 Summon Mana Viper        Hex/Summ       0%         N/A       100%        5
 Conjure Ball Lightning   Conj/Air       0%         3x3d6     100%        6
 Summon Cactus Giant      Summ           0%         N/A       100%        6
 Orb of Destruction       Conj           0%         9d5       100%        7
 Discord                  Hex            0%         N/A       100%        8
 Disjunction              Tloc           0%         N/A       100%        8


Dungeon Overview and Level Annotations

Branches:
Dungeon (11/15)            Temple (1/1) D:6             Orc (0/2) D:9
   Lair: D:8-11

Altars:
Ashenzari
Cheibriados
Dithmenos
Elyvilon
Fedhas
Gozag
Hepliaklqana
Kikubaaqudgha
Makhleb
Nemelex Xobeh
Okawaru
Qazlal
Ru
Sif Muna
Trog
Uskayaw
Vehumet
Wu Jian
Xom
Yredelemnul
Zin
The Shining One
Beogh

Shops:
D:1 (   D:8 *

Annotations:
D:4 1 runed translucent door, Crazy Yiuf


Innate Abilities, Weirdness & Mutations

You have sharp toenails.
Your muscles are strong. (Str +2)


Message History

The freezing wraith hits you but does no damage.
The kobold demonologist hits you but does no damage.
You closely miss the kobold demonologist.
The kobold demonologist is severely wounded.
You are no longer berserk.
You are exhausted.
You feel yourself slow down.
The crimson imp blinks!
The hellwing barely misses you. You block the hellwing's attack.
You block the shadow imp's attack.
The red devil hits you with a +2 demon trident of electrocution.
Barbed spikes become lodged in your body.
You miss the kobold demonologist.
The kobold demonologist is almost dead.
You block the freezing wraith's attack. x2
The kobold demonologist hits you with a +0 dagger.
The crimson imp hits you but does no damage.
The red devil misses you.
The hellwing hits you but does no damage.
The hellwing hits you. The shadow imp misses you. The freezing wraith hits you.
* * * LOW HITPOINT WARNING * * *
The freezing wraith freezes you. You resist.
* * * LOW HITPOINT WARNING * * *
The freezing wraith hits you!
* * * LOW HITPOINT WARNING * * *
The freezing wraith drains your vigour!
You feel as though you will be slow longer.
The kobold demonologist hits you but does no damage.
You feel better. You block the crimson imp's attack.
The crimson imp barely misses you.
The hellwing hits you but does no damage.
The hellwing hits you.
* * * LOW HITPOINT WARNING * * *
The red devil hits you with a +2 demon trident of electrocution!
* * * LOW HITPOINT WARNING * * *
Barbed spikes become lodged in your body.
The shadow imp gestures at you.
You struggle to resist.
The freezing wraith hits you.
* * * LOW HITPOINT WARNING * * *
The freezing wraith freezes you. You resist.
You die...

##..#...
#......
#.....# .####
.K... ....
K5K5# ##
#...##KKK#
#..#...#4KW#
..'...#5@5# .
#...#45##
..####......#
.....####..##
...........#
..........##
...###....#
.....##..##
.........#


You could see a hellwing (summoned), a freezing wraith, 3 kobold demonologists,
a red devil (summoned), a kobold brigand, 2 quasits, 2 crimson imps, a shadow
imp (summoned) and 3 kobolds.

Vanquished Creatures
  A centaur warrior (D:11)
  2 two-headed ogres
  Pikel (D:4)
  A manticore (D:11)
  2 kobold demonologists
  2 yaktaurs
  A tengu conjurer (D:11)
  Grinder (D:4)
  A slime creature (D:10)
  2 vampire mosquitoes (D:11)
  An acid dragon (D:7)
  Edmund (D:4)
  A water moccasin (D:5)
  2 black bears
  3 orc warriors (D:9)
  A sky beast (D:7)
  An ogre (D:5)
  A centaur (D:5)
  A kobold brigand (D:11)
  2 bullfrogs
  A wyvern zombie (D:7)
  A scorpion (D:5)
  3 killer bees
  2 howler monkeys (D:5)
  2 wights (D:9)
  A centaur zombie (D:7)
  A jelly (D:5)
  2 hounds (D:5)
  2 centaur skeletons
  3 orc priests
  2 bullfrog skeletons
  4 iguanas
  2 orc wizards
  A killer bee zombie (D:6)
  A hound zombie (D:5)
  A howler monkey skeleton (D:6)
  8 adders
  3 gnolls (D:4)
  A shadow imp (D:5)
  2 white imps (D:5)
  2 adder skeletons
  4 dart slugs
  5 orcs
  9 endoplasms
  3 giant cockroaches
  6 hobgoblins
  4 kobolds
  3 quokkas
  3 ball pythons
  3 bats
  2 frilled lizards (D:2)
  6 goblins
  3 rats
124 creatures vanquished.

Vanquished Creatures (collateral kills)
  A hydra (D:11)
  A two-headed ogre (D:11)
  A centaur zombie (D:9)
  A troll (D:11)
  Prince Ribbit (D:8)
  A basilisk (D:11)
  2 water moccasins (D:7)
  2 orc warriors (D:9)
  A black bear (D:8)
  An ogre (D:7)
  A centaur (D:11)
  2 bullfrogs
  A scorpion (D:7)
  4 killer bees
  A wight (D:9)
  A bullfrog skeleton (D:7)
  4 orc priests
  7 orc wizards
  3 adders
  6 orcs
  2 endoplasms (D:3)
  A goblin (D:9)
  A quokka (D:3)
  2 kobolds (D:11)
  A rat (D:3)
49 creatures vanquished.

Vanquished Creatures (others)
  An orc knight (D:11)
  An orc priest (D:9)
  15 orcs
17 creatures vanquished.

Grand Total: 190 creatures vanquished

Notes
Turn   | Place    | Note
-------+----------+-------------------------------------------
     0 | D:1      | NinjaNoafa the Hill Orc Monk began the quest for the Orb.
     0 | D:1      | Reached XP level 1. HP: 19/19 MP: 1/1
   681 | D:1      | Found a faded altar of an unknown god.
   687 | D:1      | Reached XP level 2. HP: 26/27 MP: 2/2
   691 | D:1      | Prayed at the altar of an unknown god.
   691 | D:1      | Became a worshipper of Beogh the Brigand
   691 | D:1      | Reached * piety under Beogh
   691 | D:1      | Reached ** piety under Beogh
   711 | D:1      | Reached skill level 1 in Invocations
   815 | D:1      | Found Emyekh's Antique Weapon Boutique.
  1529 | D:2      | Reached XP level 3. HP: 33/33 MP: 4/4
  1700 | D:2      | Found a burning altar of Makhleb.
  1723 | D:2      | Reached *** piety under Beogh
  2058 | D:2      | Reached XP level 4. HP: 40/40 MP: 5/5
  2159 | D:2      | Reached skill level 1 in Maces & Flails
  2447 | D:3      | Reached XP level 5. HP: 9/47 MP: 2/6
  2455 | D:3      | Gained mutation: You have hidden genetic potential. [potion
                  | of mutation]
  2455 | D:3      | Gained mutation: You are partially covered in iridescent
                  | scales. (AC +2) [potion of mutation]
  3249 | D:4      | Noticed Edmund
  3268 | D:4      | Noticed Grinder
  3298 | D:5      | Entered Level 5 of the Dungeon
  4499 | D:4      | Paralysed by Grinder for 3 turns
  4506 | D:4      | Paralysed by Grinder for 6 turns
  4515 | D:4      | Killed Grinder
  4516 | D:4      | Reached skill level 5 in Fighting
  4516 | D:4      | Reached skill level 1 in Shields
  4516 | D:4      | Reached XP level 6. HP: 21/56 MP: 9/9
  4520 | D:4      | Gained mutation: Your mind is acute. (Int +2) [hidden
                  | potential]
  4680 | D:4      | Killed Edmund
  4681 | D:4      | Reached XP level 7. HP: 29/61 MP: 10/10
  4934 | D:4      | Noticed Pikel
  4938 | D:4      | Lost mutation: Your mind is acute. (Int +2) [potion of
                  | mutation]
  4938 | D:4      | Lost mutation: You have hidden genetic potential. [potion
                  | of mutation]
  4938 | D:4      | Gained mutation: You are weak. (Str -2) [potion of
                  | mutation]
  4946 | D:4      | Killed Pikel
  4947 | D:4      | Reached skill level 5 in Invocations
  4947 | D:4      | Reached XP level 8. HP: 53/70 MP: 11/11
  5063 | D:4      | Found a shimmering altar of Xom.
  5226 | D:4      | Found a runed translucent door.
  5227 | D:4      | Noticed Crazy Yiuf
  6551 | D:5      | Reached skill level 5 in Maces & Flails
  6551 | D:5      | Reached XP level 9. HP: 41/78 MP: 13/13
  6559 | D:5      | Reached **** piety under Beogh
  7298 | D:6      | Found a staircase to the Ecumenical Temple.
  7305 | Temple   | Entered the Ecumenical Temple
  7867 | D:6      | Found a glowing golden altar of the Shining One.
  7882 | D:6      | Found an ornate altar of the Wu Jian Council.
  7947 | D:6      | Lost mutation: You are partially covered in iridescent
                  | scales. (AC +2) [potion of mutation]
  7947 | D:6      | Lost mutation: You are weak. (Str -2) [potion of mutation]
  7947 | D:6      | Gained mutation: You have sharp toenails. [potion of
                  | mutation]
  7947 | D:6      | Gained mutation: Your muscles are strong. (Str +2) [potion
                  | of mutation]
  8357 | D:7      | Reached skill level 5 in Shields
  8366 | D:7      | Reached skill level 5 in Armour
  8680 | D:7      | Found a broken altar of Ashenzari.
  8720 | D:7      | Found a stormy altar of Qazlal.
  9087 | D:8      | Noticed Prince Ribbit
  9107 | D:8      | Killed Prince Ribbit
  9345 | D:8      | Identified the +4 mace of Zylei {venom, rElec}
  9375 | D:8      | Found Zososi's Neck Hole.
  9580 | D:8      | Found a sacrificial altar of Ru.
  9764 | D:9      | Reached XP level 10. HP: 52/88 MP: 15/15
 10086 | D:9      | Reached skill level 1 in Evocations
 10112 | D:9      | Found a staircase to the Orcish Mines.
 10470 | D:9      | Found an ancient bone altar of Kikubaaqudgha.
 10543 | D:9      | You fall into a shaft and drop 2 floors!
 10544 | D:11     | Noticed a two-headed ogre
 10561 | D:11     | Noticed a manticore
 10571 | D:11     | Killed a manticore
 10755 | D:11     | Noticed a kobold demonologist
 10758 | D:11     | Noticed an orange demon
 10759 | D:11     | Noticed a smoke demon
 10763 | D:11     | Reached ***** piety under Beogh
 10767 | D:11     | Noticed a rust devil
 10767 | D:11     | Killed a kobold demonologist
 10793 | D:11     | Noticed a two-headed ogre
 10798 | D:11     | Killed a two-headed ogre
 11324 | D:11     | Noticed a four-headed hydra
 11326 | D:11     | Killed a two-headed ogre
 11331 | D:11     | Killed a four-headed hydra
 11332 | D:11     | Reached XP level 11. HP: 93/97 MP: 16/16
 11353 | D:11     | Noticed a centaur warrior
 11372 | D:11     | Killed a centaur warrior
 11658 | D:11     | Reached skill level 5 in Evocations
 12333 | D:10     | Entered Level 10 of the Dungeon
 12469 | D:10     | Noticed a two-headed ogre
 12498 | D:10     | Killed a two-headed ogre
 12846 | D:10     | Noticed a sixfirhy
 12861 | D:10     | HP: 2/99 [freezing wraith (4)]
 12861 | D:10     | Slain by a freezing wraith

Illustrated notes

Levels and vault maps discovered:
D:1:      minmay_arrival_widening_spiral_narrow, layout_basic, serial_shops,
          shop_fountains, hellmonk_ecumenical_altar_blasted, minmay_pentomino_x4
D:2:      layout_loops_corners, basic_altar, wad_floor_pattern_untrapped,
          grunt_ministairs_9
D:3:      layout_basic
D:4:      layout_loops_ring, general_overflow_altar, uniq_edmund,
          uniq_crazy_yiuf_cottage, uniq_pikel, uniq_grinder
D:5:      layout_basic
D:6:      layout_gridville, tso_oasis_becter, mainiacjoe_overflow_paths,
          minmay_temple_entry_grid
D:7:      layout_basic, mainiacjoe_overflow_boulevard,
          nicolae_qazlal_eye_of_the_storm, minmay_tree_intersection
D:8:      layout_loops_ring, mainiacjoe_overflow_alcove_4,
          nicolae_shop_sticking_my_neck_out, uniq_prince_ribbit1
D:9:      layout_layer_cave, nicolae_kikubaaqudgha_miasma_corner, erik_orc_4
D:10:     minmay_diamond_stairs, layout_grid_maze, dpeg_lair_monsters
D:11:     layout_long_grid, minmay_diamond_spiral
Temple:   regret_index_temple_waves

Skill      XL: |  1  2  3  4  5  6  7  8  9 10 11 |
---------------+----------------------------------+-----
Invocations    | 1 2 4 5 6 7 |  7.0
Fighting       | 4 5 6 8 9 |  9.6
Maces & Flails | 1 2 3 4 5 7 8 9 |  9.6
Dodging        | 3 4 |  4.0
Shields        | 1 2 3 4 5 7 |  7.6
Armour         | 3 4 5 6 7 |  7.4
Evocations     | 4 5 |  5.0
Axes           | |  4.1
Staves         | |  0.6
Stealth        | |  1.5
Spellcasting   | |  0.3

Action                   |  1- 3 |  4- 6 |  7- 9 | 10-12 || total
-------------------------+-------+-------+-------+-------++-------
Melee: Hand axe          |     7 |       |       |       ||     7
       Lajatang          |    29 |       |       |       ||    29
       Mace              |    20 |   143 |   261 |   134 ||   558
       Punch             |     1 |       |       |       ||     1
 Fire: Hunting sling     |       |       |    24 |       ||    24
Throw: Dart              |       |       |     7 |       ||     7
Invok: Smiting           |       |     4 |       |     1 ||     5
  Use: Potion            |     1 |     4 |     2 |     4 ||    11
       Scroll            |       |     8 |     7 |     3 ||    18
 Stab: Sleeping          |    10 |     2 |     1 |       ||    13
       Distracted        |       |     2 |       |       ||     2
Armor: Robe              |    11 |    54 |     7 |       ||    72
       Skin              |     9 |       |       |       ||     9
       Ring mail         |       |       |   144 |    70 ||   214
Dodge: Dodged            |    36 |    88 |   167 |    97 ||   388
Block: Kite shield       |       |    23 |   215 |   112 ||   350
